 Dungeon Crawl Stone Soup version 0.32-a0-305-gcc768c7156 (webtiles) character file.

Game seed: 6738711931683763225

81027 sanka the Fencer (level 15, -5/129 HPs)
             Began as a Merfolk Alchemist on Feb 14, 2024.
             Was a High Priest of Vehumet.
             Slain by a warg (15 damage)
             ... led by an orc knight
             ... on level 1 of the Orcish Mines.
             The game lasted 01:06:59 (22605 turns).

sanka the Fencer (Merfolk Alchemist)               Turns: 22605, Time: 01:07:00

Health: -5/129     AC: 13    Str: 10    XL:     15   Next: 69%
Magic:  16/21      EV: 22    Int: 20    God:    Vehumet [*****.]
Gold:   1704       SH:  0    Dex: 21    Spells: 13/22 levels left

rFire   . . .        a - +4 great sword (spect)
rCold   . . .        (shield currently unavailable)
rNeg    . . .        l - +0 acid dragon scales
rPois   .            (no helmet)
rElec   .            (no cloak)
rCorr   +            i - +0 pair of gloves
SInv    .            j - +1 pair of boots
Will    +....        E - amulet of regeneration
Stlth   ++           M - +6 ring of dexterity
HPRegen 1.21/turn    d - +4 ring of protection
MPRegen 0.17/turn

%: no passive effects
@: no status effects
A: (nimble swimmer 2), mertail
a: Renounce Religion


You were on level 1 of the Orcish Mines.
You worshipped Vehumet.
Vehumet was extremely pleased with you.
You visited 4 branches of the dungeon, and saw 21 of its levels.
You also visited: Ice Cave.

You collected 1704 gold pieces.


Innate Abilities, Weirdness & Mutations

((You are very nimble when in or above water. (Stealth+, EV+, Speed+++)))
Your lower body shifts to a powerful aquatic tail in water.


   Skills:
 - Level 15.0 Fighting
 * Level 19.4 Long Blades
 - Level 16.1 Dodging
 - Level 2.1 Stealth
 - Level 4.0 Spellcasting
 - Level 1.0 Conjurations
 - Level 5.0 Fire Magic
 - Level 13.0 Alchemy


You had 13 spell levels left.
You knew the following spells:

 Your Spells              Type           Power      Damage    Failure   Level
x - Sticky Flame          Fire/Alch      40%        2d8       1%          4
z - Sting                 Conj/Alch      100%       1d9       1%          1
X - Olgreb's Toxic Radia  Alch           54%        N/A       1%          4

Your spell library contained the following spells:

 Spells                   Type           Power      Damage    Failure   Level
 Iskenderun's Battlesphe  Conj           8%         2d6       65%         5
 Mercury Vapours          Alch/Air       60%        N/A       1%          2
 Mephitic Cloud           Conj/Alch/Air  22%        N/A       2%          3
 Alistair's Intoxication  Alch           36%        N/A       2%          5
 Kiss of Death            Conj/Necr      24%        2d7       4%          1
 Inner Flame              Hex/Fire       14%        N/A       6%          3
 Momentum Strike          Conj/Tloc      12%        3d8       7%          2
 Hailstorm                Conj/Ice       6%         3d5       13%         3
 Leda's Liquefaction      Alch/Erth      15%        N/A       14%         4
 Flame Wave               Conj/Fire      16%        2d7       16%         4
 Apportation              Tloc           8%         N/A       21%         1
 Necrotise                Necr           16%        1d4       21%         1
 Blink                    Tloc           8%         N/A       30%         2
 Ensorcelled Hibernation  Hex/Ice        8%         N/A       30%         2
 Jinxbite                 Hex            8%         N/A       30%         2
 Lesser Beckoning         Tloc           8%         N/A       30%         2
 Confusing Touch          Hex            4%         N/A       52%         3
 Passwall                 Erth           4%         N/A       52%         3
 Summon Ice Beast         Ice/Summ       4%         N/A       52%         3
 Swiftness                Air            4%         N/A       52%         3
 Vampiric Draining        Necr           4%         2d6       52%         3
 Lee's Rapid Deconstruct  Erth           2%         3d4*      78%         5
 Animate Dead             Necr           4%         N/A       90%         4
 Dispel Undead            Necr           4%         3d7       90%         4
 Martyr's Knell           Necr/Summ      4%         N/A       90%         4
 Sculpt Simulacrum        Ice/Alch       15%        N/A       91%         6
 Borgnjor's Vile Clutch   Necr/Erth      2%         N/A       99%         5
 Curse of Agony           Necr           4%         N/A       99%         5
 Bombard                  Conj/Erth      3%         9d1       99%         6
 Death Channel            Necr           2%         N/A       100%        6

Inventory:

Hand Weapons
 a - a +4 spectral great sword (weapon)
 b - a +0 scimitar of flaming
 T - the +5 spear of Conscience {holy, rF+ Str+3 Dex+2}

   Str+3:     It affects your strength (+3).
   Dex+2:     It affects your dexterity (+2).
   rF+:       It protects you from fire.
Missiles
 v - 2 throwing nets {=f}
 Q - 12 curare-tipped darts {=f}
Armour
 i - a +0 pair of gloves (worn)
 j - a +1 pair of boots (worn)
 l - +0 acid dragon scales (worn)
 H - a +1 cloak
Magical Staves
 e - a staff of cold
Jewellery
 d - a +4 ring of protection (right hand)
 m - a ring of willpower
 u - a ring of ice
 w - a ring of resist corrosion
 y - the amulet "Ogrenwuv" {Reflect rF+ Str+3 Slay-4 SH+5}

   [amulet of reflection]

   Reflect:   It reflects blocked missile attacks.
   Str+3:     It affects your strength (+3).
   Slay-4:    It affects your accuracy & damage with ranged weapons and melee
   (-4).
   rF+:       It protects you from fire.
   SH+5:      It affects your SH (+5).
 E - an amulet of regeneration (around neck)
 M - a +6 ring of dexterity (left hand)
 S - a ring of fire
 V - a +6 ring of intelligence
Wands
 t - a wand of charming (26)
 A - a wand of flame (42)
 C - a wand of light (10)
 I - a wand of iceblast (24)
Scrolls
 c - 3 scrolls of brand weapon
 f - 5 scrolls of amnesia
 g - a scroll of summoning
 s - 3 scrolls of poison {!r}
 B - 3 scrolls of teleportation {@r4}
 D - a scroll of fear
 N - 2 scrolls of blinking
 P - a scroll of enchant armour
 R - a scroll of revelation
 U - 8 scrolls of fog
Potions
 h - 2 potions of might {unknown}
 k - 2 potions of ambrosia {unknown}
 o - 2 potions of magic
 p - 5 potions of haste {@q3}
 q - a potion of invisibility {unknown}
 r - 3 potions of brilliance {unknown}
 x - 4 potions of cancellation {unknown}
 z - 3 potions of degeneration {unknown}
 F - 2 potions of resistance {unknown}
 G - a potion of berserk rage {unknown}
 J - 4 potions of curing {@q1}
 K - 3 potions of lignification {unknown}
 L - 2 potions of mutation {unknown}
 O - 2 potions of enlightenment {unknown}
 W - 2 potions of attraction {unknown}

Dungeon Overview and Level Annotations

Branches:
Dungeon (13/15)            Temple (1/1) D:5            Lair (5/5) D:8
  Swamp (0/4) Lair:3        Snake (0/4) Lair:2        Slime (0/5) Lair:5
    Orc (2/2) D:11         Vaults (0/5) D:13          IceCv (visited)
    Elf: Orc:2

Altars:
Ashenzari
Cheibriados
Dithmenos
Elyvilon
Fedhas
Gozag
Hepliaklqana
Kikubaaqudgha
Makhleb
Nemelex Xobeh
Okawaru
Qazlal
Ru
Sif Muna
Trog
Uskayaw
Vehumet
Wu Jian
Xom
Yredelemnul
Zin
The Shining One
Jiyva

Shops:
D:4 (

Annotations:
Temple 4 transporters
Lair:4 1 runed translucent door, exclusion: door, bmj180's ghost, journeyman HuCj
Orc:1 Nessos

▒▒▒▒▒▒▒▒▒▒▒▒▒▒▒▒▒▒▒▒▒▒▒▒
▒▒▒..▒▒.▒m▒.▒.▒.▒▒.▒.▒..▒.
▒▒........7h.T.............
▒...[.....o)>..^.#.......▒.
▒▒....[...▒..#..........▒▒.
▒.........c...........▒▒..
▒▒......................▒.
▒▒........................
▒....................▒...▒
▒▒....▒...[...........▒.▒.


You could see Nessos (fast, very poisoned), an orc knight (very poisoned), a
troll (very poisoned), a warg and a friendly +4 spectral great sword.


Message History

The warg is lightly wounded.
Your +4 spectral great sword misses the warg.
The orc warrior looks as sick as possible!
Nessos is poisoned.
Nessos gestures wildly while chanting.
Nessos blinks!
The warg barely misses you. The warg barely misses you.
Nessos gestures wildly while chanting.
Nessos blinks!
Unknown command.
Unknown command.
Unknown command.
You slice the warg!!
The warg is almost dead.
Your +4 spectral great sword hits the warg.
You kill the warg!
Vehumet accepts your kill.
The orc warrior looks as sick as possible!
Nessos looks even sicker.
Your toxic aura wanes.
Nessos wields a +3 longbow of flaming.
It bursts into flame!
Nessos shoots an arrow.
The arrow hits your +4 spectral great sword!
Your spectral weapon shares its damage with you!
* * * LOW HITPOINT WARNING * * *
The warg misses you. The warg bites you!
You die...

Action                     |  1- 3 |  4- 6 |  7- 9 | 10-12 | 13-15 || total
---------------------------+-------+-------+-------+-------+-------++-------
  Melee: Club              |    18 |    34 |       |       |       ||    52
         Unarmed           |     1 |       |       |       |       ||     1
         Trident           |       |    20 |   111 |       |       ||   131
         Dagger            |       |    24 |    17 |       |       ||    41
         Spear             |       |       |    17 |   234 |    34 ||   285
         Great sword       |       |       |       |       |   460 ||   460
         Tailslap          |       |       |       |       |     8 ||     8
         Scimitar          |       |       |       |       |    32 ||    32
   Cast: Sting             |    36 |   119 |    67 |       |       ||   222
         Olgreb's Toxic Ra |       |     3 |    21 |    51 |    73 ||   148
         Sticky Flame      |       |       |    24 |    54 |   112 ||   190
  Evoke: Wand              |       |       |       |     5 |     1 ||     6
    Use: Scroll            |       |       |     6 |     1 |    17 ||    24
         Potion            |       |       |       |       |     6 ||     6
   Stab: Sleeping          |       |     1 |     2 |     4 |     9 ||    16
         Distracted        |       |       |       |       |     7 ||     7
         Petrified         |       |       |       |       |     1 ||     1
 Armour: Robe              |    26 |    74 |   159 |    35 |       ||   294
         Skin              |       |       |       |     2 |       ||     2
         Acid dragon scale |       |       |       |   190 |   416 ||   606
  Dodge: Dodged            |    31 |    85 |   126 |   314 |   708 ||  1264

Levels and vault maps discovered:
D:1:      saegor_arrival_under_anarchy, layout_rooms, serial_bayou_ford_a,
          minmay_misc_feat_enclosed
D:2:      layout_loops_ring, st_stairs_14, chequers_serial_rivers_room_b,
          serial_bayou_pond_c
D:3:      layout_loops_ring, lemuel_tele_altar, grunt_gozag_statues,
          st_stairs_3, uniq_terence
D:4:      layout_cave_pods, nicolae_elyvilon_peaceful_grove,
          vehumet_altar_wand_db, fedhas_ov_isle_minmay, serial_shops,
          nicolae_shop_overgrown_old_shop
D:5:      layout_rooms, mainiacjoe_overflow_alcove_4,
          minmay_temple_entry_mini_moons, nrook_mini_backslash
D:6:      layout_basic, nicolae_wu_jian_immortal_techniques,
          gammafunk_ghost_nasty_kobolds, small_statue_intersection
D:7:      layout_basic, serial_undead, serial_undead_a, serial_undead_b,
          serial_undead_c, serial_undead_c
D:8:      layout_basic, kennysheep_mini_moat, nicolae_overflow_crystal_walls,
          mainiacjoe_overflow_boulevard, erik_lair_dragon, uniq_psyche
D:9:      layout_basic, lemuel_doored_altar
D:10:     layout_gridville
D:11:     dreamdust_cave_troll, layout_rooms, hiddenorc1_lemuel
D:12:     layout_loops_ring
D:13:     layout_cave_pools, grunt_vaults_entry_fortified
Temple:   hellmonk_temple_divided_pantheon
Lair:1:   layout_chaotic_city, portal_ice_cave_entry_ice_simulacra,
          grunt_megastairs_4, infiniplex_staircase_pool_2, serial_bayou_shore_b,
          uniq_amaemon
Lair:2:   layout_cave_shapes, alex1729_snake_entry_snake,
          nicolae_quartered_pool_medium, uniq_urug
Lair:3:   layout_gridlike, palyth_hydra_swamp_entry, basic_altar, uniq_nergalle
Lair:4:   layout_cave_pods, ebering_ghost_reflecting_pool,
          minmay_lair_oklob_bushes
Lair:5:   due_jungle_book, layout_gridlike, minmay_slime_entry_jelly_boxes,
          eino_house_with_fridge, grunt_megastairs_1, serial_bayou_shore_b
Orc:1:    nicolae_orc_accident_2, layout_caves, uniq_harold
Orc:2:    st_orc_open, layout_diamond_mine, nicolae_orc_minecarts, uniq_maurice,
          uniq_nessos

Notes
Turn   | Place    | Note
-------+----------+-------------------------------------------
     0 | D:1      | sanka the Merfolk Alchemist began the quest for the Orb.
     0 | D:1      | Reached XP level 1. HP: 13/13 MP: 3/3
    27 | D:1      | Reached skill level 1 in Conjurations
    75 | D:1      | Reached XP level 2. HP: 6/19 MP: 1/5
   197 | D:1      | Reached skill level 5 in Alchemy
   289 | D:1      | Reached XP level 3. HP: 15/24 MP: 0/6
   957 | D:2      | Reached skill level 6 in Alchemy
   961 | D:2      | Reached XP level 4. HP: 20/30 MP: 1/7
  1545 | D:2      | Reached skill level 7 in Alchemy
  1629 | D:2      | Learned a level 4 spell: Olgreb's Toxic Radiance
  1841 | D:2      | Reached XP level 5. HP: 35/35 MP: 3/8
  2149 | D:3      | Found an opulent altar of Gozag.
  2210 | D:3      | Found a sparkling altar of Nemelex Xobeh.
  2669 | D:3      | Noticed Terence
  2683 | D:3      | Killed Terence
  2684 | D:3      | Reached skill level 8 in Alchemy
  3239 | D:4      | Reached XP level 6. HP: 40/41 MP: 3/9
  3352 | D:4      | Found a radiant altar of Vehumet.
  3370 | D:4      | Became a worshipper of Vehumet
  3523 | D:4      | Found a white marble altar of Elyvilon.
  3553 | D:4      | Found a blossoming altar of Fedhas.
  3640 | D:4      | Found Qitrurim's Antique Weapon Shoppe.
  3701 | D:4      | Reached skill level 9 in Alchemy
  4142 | D:5      | Entered Level 5 of the Dungeon
  4367 | D:5      | Found a staircase to the Ecumenical Temple.
  4371 | D:5      | Reached XP level 7. HP: 46/46 MP: 6/11
  4479 | Temple   | Found a transporter.
  4479 | Temple   | Found a transporter.
  4479 | Temple   | Found a transporter.
  4479 | Temple   | Found a transporter.
  4479 | Temple   | Entered the Ecumenical Temple
  4730 | D:5      | Reached skill level 3 in Spellcasting
  4746 | D:5      | Reached skill level 10 in Alchemy
  4930 | D:5      | Reached * piety under Vehumet
  4930 | D:5      | Offered knowledge of Shock by Vehumet.
  4956 | D:5      | Learned a level 4 spell: Sticky Flame
  5235 | D:5      | Reached skill level 4 in Spellcasting
  5318 | D:5      | Found a basalt altar of Yredelemnul.
  5377 | D:6      | Reached XP level 8. HP: 52/52 MP: 10/14
  5468 | D:6      | Reached skill level 1 in Fire Magic
  5468 | D:6      | Reached skill level 11 in Alchemy
  5536 | D:6      | Found an ornate altar of the Wu Jian Council.
  5635 | D:5      | Reached skill level 2 in Fire Magic
  6394 | D:6      | Found a runed translucent gate.
  6394 | D:6      | Found a runed translucent gate.
  6395 | D:6      | Found a runed translucent gate.
  6395 | D:6      | Noticed lurch's ghost (novice OnFE)
  6664 | D:7      | Reached skill level 3 in Fire Magic
  6664 | D:7      | Reached skill level 12 in Alchemy
  6724 | D:7      | Reached skill level 4 in Fire Magic
  6724 | D:7      | Reached XP level 9. HP: 57/57 MP: 0/15
  7839 | D:8      | Noticed a hornet
  7847 | D:8      | Killed a hornet
  7848 | D:8      | Reached skill level 5 in Fire Magic
  7848 | D:8      | Reached skill level 13 in Alchemy
  7848 | D:8      | Reached skill level 1 in Fighting
  7848 | D:8      | Reached skill level 3 in Dodging
  7915 | D:8      | Reached skill level 2 in Fighting
  7915 | D:8      | Offered knowledge of Momentum Strike by Vehumet.
  7916 | D:8      | Reached skill level 4 in Dodging
  8011 | D:8      | Found a bloodstained altar of Trog.
  8015 | D:8      | Found an iron altar of Okawaru.
  8071 | D:8      | Reached skill level 3 in Fighting
  8073 | D:8      | Identified the +5 spear of Conscience {holy, rF+ Str+3
                  | Dex+2}
  8122 | D:8      | Found a burning altar of Makhleb.
  8148 | D:8      | Reached skill level 5 in Dodging
  8225 | D:8      | Reached ** piety under Vehumet
  8426 | D:8      | Reached skill level 4 in Fighting
  8493 | D:8      | Reached skill level 6 in Dodging
  8494 | D:8      | Reached XP level 10. HP: 62/73 MP: 8/16
  8495 | D:8      | Reached skill level 5 in Fighting
  8502 | D:8      | Noticed Psyche
  8508 | D:8      | Reached skill level 7 in Dodging
  8513 | D:8      | Killed Psyche
  8513 | D:8      | Offered knowledge of Dazzling Flash by Vehumet.
  8733 | D:8      | Reached skill level 6 in Fighting
  8733 | D:8      | Reached skill level 8 in Dodging
  8855 | D:8      | Found a staircase to the Lair.
  9219 | D:6      | Reached skill level 7 in Fighting
  9219 | D:6      | Reached skill level 9 in Dodging
  9237 | D:6      | Killed lurch's ghost
  9238 | D:6      | Reached skill level 8 in Fighting
  9238 | D:6      | Reached skill level 10 in Dodging
  9530 | D:9      | Identified +0 acid dragon scales
  9531 | D:9      | Reached XP level 11. HP: 86/86 MP: 12/17
  9757 | D:9      | Reached *** piety under Vehumet
  9855 | D:9      | Reached skill level 11 in Dodging
 10054 | D:9      | Found a sacrificial altar of Ru.
 10095 | D:9      | Offered knowledge of Fulminant Prism by Vehumet.
 10097 | D:9      | Reached skill level 9 in Fighting
 10269 | D:10     | Entered Level 10 of the Dungeon
 10943 | D:10     | Reached **** piety under Vehumet
 10944 | D:10     | Reached skill level 12 in Dodging
 11200 | D:10     | Reached skill level 10 in Fighting
 11274 | D:11     | Noticed a boulder beetle
 11276 | D:11     | Noticed a two-headed ogre
 11283 | D:11     | Killed a two-headed ogre
 11283 | D:11     | Killed a boulder beetle
 11427 | D:11     | Noticed a cyclops
 11449 | D:11     | Killed a cyclops
 11450 | D:11     | Reached skill level 13 in Dodging
 11455 | D:11     | Offered knowledge of Lee's Rapid Deconstruction by Vehumet.
 11518 | D:11     | Noticed a cyclops
 11534 | D:11     | Killed a cyclops
 11535 | D:11     | Reached skill level 11 in Fighting
 11591 | D:11     | Reached XP level 12. HP: 69/100 MP: 18/18
 11936 | D:11     | Found a staircase to the Orcish Mines.
 12224 | D:12     | Noticed a two-headed ogre
 12235 | D:12     | Killed a two-headed ogre
 12236 | D:12     | Reached skill level 14 in Dodging
 12628 | D:12     | Reached skill level 12 in Fighting
 12986 | D:13     | Noticed a seven-headed hydra
 12988 | D:13     | Noticed a centaur warrior
 13009 | D:13     | Killed a seven-headed hydra
 13010 | D:13     | Reached skill level 15 in Dodging
 13016 | D:13     | Killed a centaur warrior
 13063 | D:13     | Noticed a centaur warrior
 13078 | D:13     | Killed a centaur warrior
 13079 | D:13     | Reached skill level 13 in Fighting
 13167 | D:13     | Noticed a catoblepas
 13176 | D:13     | Killed a catoblepas
 13206 | D:13     | Noticed an eight-headed hydra
 13216 | D:13     | Killed an eight-headed hydra
 13405 | D:13     | Noticed a catoblepas
 13421 | D:13     | Killed a catoblepas
 13422 | D:13     | Reached skill level 14 in Fighting
 13450 | D:13     | Noticed a deep elf knight
 13453 | D:13     | Noticed a vault guard
 13494 | D:13     | Noticed a deep elf knight
 13662 | D:13     | Killed a deep elf knight
 13663 | D:13     | Reached XP level 13. HP: 23/114 MP: 7/19
 13761 | D:13     | Killed a vault guard
 13823 | D:13     | Noticed a vault guard
 13866 | D:13     | Killed a vault guard
 13866 | D:13     | Reached ***** piety under Vehumet
 13867 | D:13     | Reached skill level 15 in Fighting
 14316 | D:13     | Noticed a vault guard
 14334 | D:13     | Killed a vault guard
 14335 | D:13     | Reached skill level 16 in Dodging
 14478 | D:13     | Found a gate to the Vaults.
 14478 | D:13     | Noticed a vault guard
 14478 | D:13     | Noticed a vault guard
 14487 | D:13     | HP: 9/115 [vault guard/+0 long sword (10)]
 14524 | D:13     | Killed a vault guard
 14525 | D:13     | Reached skill level 2 in Long Blades
 14628 | D:13     | Killed a vault guard
 14629 | D:13     | Reached skill level 3 in Long Blades
 14984 | Lair:1   | Entered Level 1 of the Lair of Beasts
 15022 | Lair:1   | Reached skill level 4 in Long Blades
 15123 | Lair:1   | Noticed Amaemon
 15162 | Lair:1   | Killed Amaemon
 15163 | Lair:1   | Reached skill level 5 in Long Blades
 15203 | Lair:1   | Reached skill level 6 in Long Blades
 15213 | Lair:1   | Found a frozen archway.
 15222 | Lair:1   | Offered knowledge of Spellforged Servitor by Vehumet.
 15297 | IceCv    | Entered an ice cave
 15445 | IceCv    | Reached skill level 7 in Long Blades
 15772 | IceCv    | Reached skill level 8 in Long Blades
 16138 | IceCv    | Reached skill level 9 in Long Blades
 16294 | IceCv    | Noticed a reaper
 16299 | IceCv    | Killed a reaper
 16833 | Lair:2   | Reached skill level 10 in Long Blades
 16839 | Lair:2   | Reached XP level 14. HP: 123/123 MP: 20/20
 17053 | Lair:2   | Reached skill level 11 in Long Blades
 17061 | Lair:2   | Noticed Urug
 17068 | Lair:2   | Killed Urug
 17087 | Lair:2   | Offered knowledge of Fireball by Vehumet.
 17088 | Lair:2   | Reached skill level 12 in Long Blades
 17522 | Lair:2   | Found a staircase to the Snake Pit.
 18154 | Lair:3   | Reached skill level 13 in Long Blades
 18188 | Lair:3   | Noticed Nergalle
 18246 | Lair:3   | Killed Nergalle
 18294 | Lair:3   | Found a shimmering blue altar of Sif Muna.
 18572 | Lair:3   | Found a staircase to the Swamp.
 19016 | Lair:4   | Reached skill level 14 in Long Blades
 19315 | Lair:4   | Found a runed translucent door.
 19845 | Lair:4   | Noticed bmj180's ghost (journeyman HuCj)
 20025 | Lair:4   | Reached skill level 15 in Long Blades
 20074 | Lair:5   | Entered Level 5 of the Lair of Beasts
 20343 | Lair:5   | Noticed a dire elephant
 20343 | Lair:5   | Noticed a dire elephant
 20344 | Lair:5   | Noticed a dire elephant
 20344 | Lair:5   | Noticed a dire elephant
 20350 | Lair:5   | Killed a dire elephant
 20355 | Lair:5   | Offered knowledge of Starburst by Vehumet.
 20367 | Lair:5   | Reached skill level 16 in Long Blades
 20459 | Lair:5   | Noticed a dire elephant
 20465 | Lair:5   | Killed a dire elephant
 20551 | Lair:5   | Killed a dire elephant
 20552 | Lair:5   | Reached XP level 15. HP: 93/129 MP: 10/21
 20729 | Lair:5   | HP: 3/129 [sun demon[an obsidian statue] (13)]
 20850 | Lair:5   | Reached skill level 17 in Long Blades
 20975 | Lair:5   | Found a viscous altar of Jiyva.
 20976 | Lair:5   | Found a staircase to the Slime Pits.
 21164 | Lair:5   | Reached skill level 18 in Long Blades
 21673 | Lair:5   | Identified the amulet "Ogrenwuv" {Reflect rF+ Str+3 Slay-4
                  | SH+5}
 21888 | Lair:5   | Reached skill level 19 in Long Blades
 21978 | Lair:5   | Offered knowledge of Iskenderun's Battlesphere by Vehumet.
 22285 | Orc:1    | Entered Level 1 of the Orcish Mines
 22440 | Orc:2    | Entered Level 2 of the Orcish Mines
 22440 | Orc:2    | Noticed Maurice
 22447 | Orc:2    | Killed Maurice
 22483 | Orc:2    | Noticed Nessos
 22602 | Orc:1    | HP: 8/129 [warg (9)]
 22605 | Orc:1    | Slain by a warg

Vanquished Creatures
  A reaper (IceCv)
  6 dire elephants (Lair:5)
  5 vault guards (D:13)
  8 hydras
  3 catoblepae
  A boulder beetle (D:11)
  2 centaur warriors (D:13)
  6 death yaks (Lair:5)
  A spectral dire elephant (Lair:5)
  2 two-headed ogres
  Urug (Lair:2)
  Nergalle (Lair:3)
  3 deep elf knights (D:13)
  Amaemon (Lair:1)
  The ghost of lurch the Firebug, a novice OnFE of Cheibriados (D:6)
  2 spectral death yaks (Lair:5)
  A spectral anaconda (Lair:5)
  A deep troll (D:11)
  An obsidian statue (Lair:5)
  2 arcanists (D:13)
  A lindwurm (Lair:5)
  4 necromancers (Lair:5)
  A deep elf archer (D:13)
  An orc knight (Orc:1)
  5 cyclopes
  A deep elf pyromancer (D:13)
  2 oklob plants
  An orc sorcerer (D:13)
  2 manticores
  A salamander (Lair:2)
  Maurice (Orc:2)
  12 elephants
  7 black mambas
  2 dire elephant zombies (Lair:5)
  2 ice statues (IceCv)
  A gargoyle (D:11)
  8 cane toads
  2 unseen horrors
  An orange demon (Lair:1)
  3 rime drakes (Lair:4)
  13 komodo dragons
  A yaktaur (D:13)
  An efreet (D:13)
  8 ice devils (IceCv)
  An anaconda simulacrum (IceCv)
  Psyche (D:8)
  2 trolls
  A polar bear (Lair:5)
  2 hornets
  2 tyrant leeches (Lair:3)
  A spectral elephant (Lair:5)
  14 blink frogs
  A shadow (D:11)
  4 dire elephant simulacra (IceCv)
  A vampire (D:12)
  3 wraiths
  32 yaks
  A human (D:13)
  5 wargs
  3 wyverns (Lair:2)
  A steam dragon (D:9)
  3 death yak simulacra (Lair:5)
  3 vampire mosquitoes (D:12)
  8 basilisks
  4 spectral cane toads (Lair:5)
  2 swamp worms (Lair:3)
  3 harpy simulacra (IceCv)
  2 nagas (Lair:2)
  4 acid dragons
  13 water moccasins
  5 hydra simulacra
  6 black bears
  8 orc warriors
  A swamp drake (D:8)
  3 ogres
  An ice beast (D:7)
  A sky beast (D:8)
  25 wolves
  2 phantoms (D:5)
  8 centaurs
  An elephant skeleton (Lair:5)
  11 kobold brigands
  2 wyvern zombies (D:7)
  11 bullfrogs
  A gnoll sergeant (D:9)
  2 scorpions (D:6)
  A cane toad simulacrum (Lair:5)
  A wight (D:7)
  5 elephant simulacra
  21 killer bees
  6 howler monkeys
  A centaur zombie (D:7)
  13 jellies
  12 orc priests
  2 hounds
  5 iguanas
  Terence (D:3)
  5 sleepcaps
  10 orc wizards
  A spriggan simulacrum (IceCv)
  2 wolf simulacra (IceCv)
  4 killer bee zombies (D:7)
  8 gnolls
  9 adders
  A naga simulacrum (IceCv)
  2 hell rat simulacra (Lair:5)
  3 dart slugs (D:3)
  5 ribbon worms
  73 orcs
  2 ball pythons (D:2)
  5 endoplasms
  A giant cockroach (D:2)
  8 goblins
  6 hobgoblins
  2 jackals (D:1)
  13 kobolds
  A quokka (D:5)
  10 bats
  A frilled lizard (D:3)
  4 rats
579 creatures vanquished.

Vanquished Creatures (others)
  A shadow (D:11)
  3 spectral weapons (Lair:5)
4 creatures vanquished.

Grand Total: 583 creatures vanquished
